 Dungeon Crawl Stone Soup version 0.31-a0-983-g7b6862f502 (webtiles) character file.

Game seed: 1357005946964221649

1340 Xavori the Trooper (level 8, -8/59 HPs)
             Began as a Djinni Chaos Knight on Nov 2, 2023.
             Was a Plaything of Xom.
             Mangled by a wight
             ... wielding a +2 hand axe
              (18 damage)
             ... on level 6 of the Dungeon.
             The game lasted 00:06:21 (10667 turns).

Xavori the Trooper (Djinni Chaos Knight)           Turns: 10667, Time: 00:06:21

Health: -8/59      AC:  8    Str: 10    XL:     8   Next: 93%
Gold:   336        EV: 14    Int: 14    God:    Xom [.*....] SH:  0 Dex: 18

rFire   + + +        a - +0 falchion (chaos)
rCold   x x .        (no shield)
rNeg    . . .        b - +2 leather armour
rPois   ∞            (helmet unavailable)
rElec   .            (no cloak)
rCorr   .            C - +1 pair of gloves {infuse}
SInv    .            (boots unavailable)
Will    .....        u - amulet of regeneration
Stlth   +            (no ring)
HPRegen 1.89/turn    (no ring)
MPRegen 0.00/turn

%: clarity, infuse magic (-9 HP)
@: flying
A: sickness immunity, fire resistance 3, cold vulnerability 2, float, innate
caster, HP casting, extra vitality 1, claws 1, horns 3, agile 1, clarity,
passive freeze, regeneration 1, shaggy fur 1, wild magic 3
a: Renounce Religion


You were on level 6 of the Dungeon.
You worshipped Xom.
You were a plaything of Xom.
You visited 1 branch of the dungeon, and saw 6 of its levels.

You collected 336 gold pieces.

Inventory:

Hand Weapons
 a - a +0 falchion of chaos (weapon)
Armour
 b - a +2 leather armour (worn)
 C - a +1 pair of gloves of infusion (worn)
Jewellery
 h - an amulet of faith
 t - an amulet of the acrobat
 u - an amulet of regeneration (around neck)
Wands
 v - a wand of quicksilver (8)
 B - a wand of flame (13)
Scrolls
 c - a scroll of butterflies
 d - 3 scrolls of teleportation {unknown}
 f - 2 scrolls of fog
 g - a scroll of torment {unknown}
 n - a scroll of identify
 p - a scroll of enchant armour
 s - a scroll of summoning {unknown}
 x - a scroll of revelation {unknown}
 y - a scroll of amnesia {unknown}
 z - a scroll of enchant weapon {unknown}
 A - a scroll of fear {unknown}
Potions
 e - 2 potions of haste {unknown}
 i - 2 potions of might
 k - 3 potions of curing {unknown}
 l - 3 potions of heal wounds {unknown}
 m - 3 potions of magic {unknown}
 o - 2 potions of lignification {unknown}
 q - 2 potions of brilliance {unknown}
 r - a potion of experience {unknown}
 w - a potion of enlightenment {unknown}


   Skills:
 + Level 5.2 Fighting
 + Level 4.7 Long Blades
 + Level 4.3 Armour
 + Level 5.1 Dodging
 * Level 3.7 Spellcasting
 * Level 3.7 Conjurations
 * Level 3.7 Hexes
 * Level 3.7 Summonings
 * Level 3.7 Necromancy
 * Level 3.7 Translocations
 * Level 3.7 Transmutations
 * Level 3.7 Fire Magic
 * Level 3.7 Ice Magic
 * Level 3.7 Air Magic
 * Level 3.7 Earth Magic
 * Level 3.7 Poison Magic


You knew the following spells:

 Your Spells              Type           Power      Damage    Failure   Level
a - Foxfire               Conj/Fire      96%        2x1d8     21%         1
b - Ensorcelled Hibernat  Hex/Ice        48%        N/A       26%         2
c - Volatile Blastmotes   Fire/Tloc      48%        2d14      41%         3
Your spell library was empty.

Dungeon Overview and Level Annotations

Branches:
Dungeon (6/15)             Temple (0/1) D:5

Altars:
Makhleb
Nemelex Xobeh
Uskayaw
Xom
Zin

Shops:
D:2 [


Innate Abilities, Weirdness & Mutations

You are immune to sickness and miasma.
You are immune to poison.
Your flesh is almost immune to the effects of heat. (rF+++)
You are very vulnerable to cold. (rC--)
You float through the air rather than walking.
You learn spells naturally, not from books.
Your magical power is your life essence.
You have superior vitality. (+4 MHP)
You have sharp fingernails.
You have a pair of large horns on your head.
You are agile. (Dex +4, Str/Int -1)
You possess an exceptional clarity of mind.
A frigid envelope surrounds you and freezes all who hurt you.
Your natural rate of healing is unusually fast.
You are covered in fur. (AC +1)
Your spells are much harder to cast, but much more powerful.


Message History

The wight hits you with a +2 hand axe.
The wight resists.
The wight is very cold.
The wight is severely damaged.
Unknown command.
You completely miss the wight.
The wight is severely damaged.
The wight barely misses you.
The wight hits you from afar with a +3 spear.
You barely miss the wight.
The wight is severely damaged.
The wight barely misses you. The wight hits you with a +2 hand axe.
The wight resists.
The wight is very cold.
The wight is severely damaged.
The wight hits you from afar with a +3 spear!
The wight hits you with a +2 hand axe!
* * * LOW HITPOINT WARNING * * *
The wight resists.
The wight is very cold.
The wight is almost destroyed.
You are too injured to fight recklessly!
Unknown command.
You are too injured to fight recklessly!
You closely miss the wight.
The wight is almost destroyed.
The wight closely misses you. The wight misses you.
You closely miss the wight.
The wight is almost destroyed.
The wight hits you with a +2 hand axe!
* * * LOW HITPOINT WARNING * * *
The wight completely resists.
The wight misses you.
* * * LOW HITPOINT WARNING * * *
You hit the wight. You burn the wight.
The wight is almost destroyed.
The wight barely misses you.
The wight hits you from afar with a +3 spear.
* * * LOW HITPOINT WARNING * * *
You barely miss the wight.
The wight is almost destroyed.
The wight hits you with a +2 hand axe!!
You die...
Xom titters!

####### # #
#.....##########.## ..
#...................
..###..)...#......z#....
.......)).......@z......
J
###.#.....##.......#.##.
#)#.....##.......#
##.#.....##......)#
#..########.......#
##.###### #.......#
........# #.......# 5
#######.# #.......#
#######.####.......#


You could see 2 wights.

Vanquished Creatures
  An acid dragon (D:2)
  A black bear (D:6)
  A centaur (D:6)
  An ogre (D:5)
  A scorpion (D:5)
  3 wights (D:6)
  2 howler monkeys
  2 jellies
  3 hounds (D:5)
  A sleepcap (D:4)
  5 iguanas
  Terence (D:3)
  Ijyb (D:3)
  Natasha (twice) (D:3)
  7 gnolls (D:2)
  9 adders
  A white imp (D:5)
  2 ufetubi (D:6)
  2 worms
  5 dart slugs
  7 orcs
  6 endoplasms
  3 giant cockroaches
  11 goblins
  3 hobgoblins
  4 jackals (D:4)
  4 quokkas
  7 ball pythons
  5 bats
  5 frilled lizards
  2 kobolds
  5 rats
113 creatures vanquished.

Vanquished Creatures (collateral kills)
  A gnoll (D:2)
1 creature vanquished.

Vanquished Creatures (others)
  A goblin (D:3)
  A foxfire (D:2)
2 creatures vanquished.

Grand Total: 116 creatures vanquished

Notes
Turn   | Place    | Note
-------+----------+-------------------------------------------
     0 | D:1      | Xavori the Djinni Chaos Knight began the quest for the Orb.
     0 | D:1      | Reached XP level 1. HP: 20/20 MP: 0/0
   151 | D:1      | Reached XP level 2. HP: 25/25 MP: 0/0
   334 | D:1      | XOM: silly message
   339 | D:1      | Reached XP level 3. HP: 30/30 MP: 0/0
   339 | D:1      | Learned a level 1 spell: Foxfire
   461 | D:1      | XOM: silly message
   497 | D:1      | XOM: divination: detect items
   626 | D:1      | XOM: silly message
   799 | D:1      | XOM: silly message
   958 | D:1      | XOM: divination: detect items
  1096 | D:1      | XOM: give mutations
  1096 | D:1      | Gained mutation: You have a pair of small horns on your
                  | head. [Xom's grace]
  1237 | D:1      | XOM: give mutation
  1237 | D:1      | Gained mutation: You are frail. (-10% HP) [Xom's mischief]
  1400 | D:1      | XOM: summons 2 hostile demons
  1741 | D:1      | XOM: noise
  2040 | D:1      | XOM: summons 2 hostile shadow creatures
  2459 | D:1      | XOM: god gift: wand of iceblast (3)
  3018 | D:1      | XOM: divination: detect items
  3123 | D:1      | XOM: scenery: summon butterflies
  3124 | D:1      | XOM: scenery: create altars
  3289 | D:1      | XOM: give mutations
  3289 | D:1      | Gained mutation: You occasionally lose the ability to drink
                  | potions when taking damage. [Xom's mischief]
  3289 | D:1      | Gained mutation: You are very vulnerable to cold. (rC--)
                  | [Xom's mischief]
  3289 | D:1      | Gained mutation: You are extremely vulnerable to cold.
                  | (rC---) [Xom's mischief]
  3289 | D:1      | Gained mutation: You are weak. (Str -2) [Xom's mischief]
  3506 | D:1      | XOM: noise
  3555 | D:1      | XOM is BORED!
  3555 | D:1      | XOM: give mutations
  3555 | D:1      | Gained mutation: You sometimes lose your temper in combat.
                  | [Xom's mischief]
  3555 | D:1      | Lost mutation: You occasionally lose the ability to drink
                  | potions when taking damage. [Xom's mischief]
  3555 | D:1      | Gained mutation: Your spells are a little harder to cast,
                  | but a little more powerful. [Xom's mischief]
  3728 | D:1      | XOM: stat loss: -1 Int (12/13)
  3944 | D:1      | XOM: summons 2 hostile demons
  3945 | D:1      | Noticed a chaos spawn
  4306 | D:1      | XOM: summons 2 hostile demons
  4659 | D:1      | XOM is BORED!
  4680 | D:1      | XOM: give mutations
  4680 | D:1      | Gained mutation: Your natural rate of healing is unusually
                  | fast. [Xom's grace]
  4680 | D:1      | Gained mutation: You have a somewhat thin skeletal
                  | structure. (Dex +2, Stealth+) [Xom's grace]
  4808 | D:1      | XOM: 7-stop teleportation journey
  5038 | D:1      | XOM: divination: detect items
  5479 | D:1      | XOM: give mutations
  5479 | D:1      | Lost mutation: You sometimes lose your temper in combat.
                  | [Xom's grace]
  5479 | D:1      | Gained mutation: You possess an exceptional clarity of
                  | mind. [Xom's grace]
  5479 | D:1      | Gained mutation: Your flesh is almost immune to the effects
                  | of heat. (rF+++) [Xom's grace]
  5775 | D:1      | XOM: scenery: create altars
  6245 | D:1      | XOM: scenery: summon butterflies
  6401 | D:1      | XOM: god gift: scroll labelled ENOSHR WAMPI {god gift}
  6430 | D:1      | XOM: give mutations
  6430 | D:1      | Gained mutation: You are covered in fur. (AC +1) [Xom's
                  | grace]
  6430 | D:1      | Gained mutation: Your spells are harder to cast, but more
                  | powerful. [Xom's grace]
  6430 | D:1      | Gained mutation: A frigid envelope surrounds you and
                  | freezes all who hurt you. [Xom's grace]
  6827 | D:1      | XOM: give mutations
  6827 | D:1      | Gained mutation: You are agile. (Dex +4, Str/Int -1) [Xom's
                  | grace]
  6827 | D:1      | Gained mutation: You have a pair of horns on your head.
                  | [Xom's grace]
  6827 | D:1      | Lost mutation: You are weak. (Str -2) [Xom's grace]
  6924 | D:1      | XOM: scenery: summon butterflies
  7326 | D:1      | XOM: give mutations
  7326 | D:1      | Gained mutation: Your spells are much harder to cast, but
                  | much more powerful. [Xom's grace]
  7326 | D:1      | Gained mutation: You have a pair of large horns on your
                  | head. [Xom's grace]
  7326 | D:1      | Gained mutation: You have sharp fingernails. [Xom's grace]
  7326 | D:1      | Lost mutation: You are frail. (-10% HP) [Xom's grace]
  7339 | D:1      | XOM: god gift: 2 javelins
  7588 | D:2      | XOM: enchant monster (bad)
  7622 | D:2      | Found a glowing silver altar of Zin.
  7703 | D:2      | Found Qillo's Antique Armour Shop.
  7743 | D:2      | Reached skill level 1 in Spellcasting
  7743 | D:2      | Reached skill level 1 in Conjurations
  7743 | D:2      | Reached skill level 1 in Hexes
  7743 | D:2      | Reached skill level 1 in Summonings
  7743 | D:2      | Reached skill level 1 in Necromancy
  7743 | D:2      | Reached skill level 1 in Translocations
  7743 | D:2      | Reached skill level 1 in Transmutations
  7743 | D:2      | Reached skill level 1 in Fire Magic
  7743 | D:2      | Reached skill level 1 in Ice Magic
  7743 | D:2      | Reached skill level 1 in Air Magic
  7743 | D:2      | Reached skill level 1 in Earth Magic
  7743 | D:2      | Reached skill level 1 in Poison Magic
  7751 | D:2      | XOM: scenery: 1 doors open, 1 doors close
  7754 | D:2      | Reached XP level 4. HP: 29/35 MP: 0/0
  7769 | D:2      | XOM: enchant monster (bad)
  7775 | D:2      | XOM: summons 4 friendly demons
  7801 | D:2      | Reached XP level 5. HP: 29/40 MP: 0/0
  7801 | D:2      | Learned a level 2 spell: Ensorcelled Hibernation
  7968 | D:2      | a worm changed into an acid dragon
  7968 | D:2      | Noticed an acid dragon
  7968 | D:2      | XOM: polymorph worm -> acid dragon
  8007 | D:2      | Killed an acid dragon
  8008 | D:2      | Reached XP level 6. HP: 47/47 MP: 0/0
  8423 | D:3      | Found a faded altar of an unknown god.
  8599 | D:3      | XOM: polymorph worm -> howler monkey
  8602 | D:3      | XOM: smoke on damage
  8648 | D:3      | Noticed Natasha
  8650 | D:3      | Found a hide-covered altar of Uskayaw.
  8656 | D:3      | Killed Natasha
  8708 | D:3      | Noticed Terence
  8717 | D:3      | Killed Terence
  8718 | D:3      | Reached XP level 7. HP: 51/52 MP: 0/0
  8718 | D:3      | Learned a level 3 spell: Volatile Blastmotes
  8736 | D:3      | You are sucked into a shaft and drop 2 floors!
  8736 | D:5      | Entered Level 5 of the Dungeon
  8821 | D:5      | Identified the +6 whip "Kaomoed" {drain, rElec Str+2 Dex+3}
  9055 | D:3      | Noticed Ijyb
  9061 | D:3      | Killed Ijyb
  9202 | D:3      | XOM: silly message
  9207 | D:3      | Noticed Natasha
  9215 | D:3      | Killed Natasha
  9300 | D:3      | XOM: silly message
  9391 | D:4      | Found a burning altar of Makhleb.
  9402 | D:4      | Found a sparkling altar of Nemelex Xobeh.
  9578 | D:4      | XOM: silly message
  9662 | D:4      | XOM: divination: detect creatures
  9733 | D:4      | XOM: silly message
  9783 | D:4      | XOM: silly message
  9892 | D:5      | XOM: god gift: 14 gold pieces
  9927 | D:5      | XOM: noise
  9936 | D:5      | XOM: 1-stop teleportation journey
  9939 | D:5      | Reached XP level 8. HP: 54/58 MP: 0/0
 10217 | D:5      | XOM: silly message
 10226 | D:5      | Found a staircase to the Ecumenical Temple.
 10316 | D:5      | XOM: summons 2 hostile shadow creatures
 10341 | D:5      | XOM: give mutations
 10341 | D:5      | Lost mutation: You are extremely vulnerable to cold.
                  | (rC---) [Xom's mischief]
 10341 | D:5      | Lost mutation: You have a somewhat thin skeletal structure.
                  | (Dex +2, Stealth+) [Xom's mischief]
 10411 | D:6      | XOM: silly message
 10431 | D:6      | XOM: torment (30/58 hp)
 10569 | D:6      | Reached skill level 5 in Fighting
 10601 | D:6      | Reached skill level 5 in Dodging
 10630 | D:6      | XOM: divination: detect creatures
 10667 | D:6      | Mangled by a wight

Illustrated notes

Levels and vault maps discovered:
D:1:      amcnicky_arrival_single_pillar, layout_rooms
D:2:      layout_basic, serial_shops, shop, basic_altar, st_stairs_8
D:3:      kennysheep_the_goblin_king, layout_loops_ring,
          mainiacjoe_overflow_small_starburst, shapermc_ecumenical_altar_gd,
          uniq_natasha, uniq_terence
D:4:      layout_cave_pools, minmay_overflow_temple_star_quad
D:5:      layout_basic, mainiacjoe_overflow_cross_hatched,
          minmay_temple_entry_statues_pillars
D:6:      layout_basic, uniq_pikel, uniq_grinder, uniq_maggie

Skill      XL: |  1  2  3  4  5  6  7  8 |
---------------+-------------------------+-----
Long Blades    | 3 4 |  4.7
Spellcasting   | 1 2 3 |  3.7
Conjurations   | 1 2 3 |  3.7
Hexes          | 1 2 3 |  3.7
Summonings     | 1 2 3 |  3.7
Necromancy     | 1 2 3 |  3.7
Translocations | 1 2 3 |  3.7
Transmutations | 1 2 3 |  3.7
Fire Magic     | 1 2 3 |  3.7
Ice Magic      | 1 2 3 |  3.7
Air Magic      | 1 2 3 |  3.7
Earth Magic    | 1 2 3 |  3.7
Poison Magic   | 1 2 3 |  3.7
Armour         | 2 3 4 |  4.3
Dodging        | 3 4 5 |  5.1
Fighting       | 4 5 |  5.2

Action                     |  1- 3 |  4- 6 |  7- 9 || total
---------------------------+-------+-------+-------++-------
  Melee: Falchion          |    68 |    53 |   127 ||   248
         Headbutt          |     2 |     9 |    36 ||    47
         Punch             |       |     1 |     5 ||     6
   Cast: Foxfire           |       |     1 |       ||     1
         Ensorcelled Hiber |       |     1 |       ||     1
  Evoke: Wand              |       |     3 |       ||     3
    Use: Scroll            |     1 |       |     4 ||     5
   Stab: Sleeping          |       |     2 |     7 ||     9
         Distracted        |       |       |     1 ||     1
 Armour: Leather armour    |    45 |    34 |    88 ||   167
  Dodge: Dodged            |    47 |    38 |    94 ||   179

Table legend: (Time is in decaauts)
 A = Elapsed time spent in this place.
 B = Non-inter-level travel time spent in this place.
 C = Inter-level travel time spent in this place.
 D = Time resting spent in this place.
 E = Time spent auto-exploring this place.
 F = Levels seen in this place.
 G = Mean time per level.
                   A        B        C        D        E       F      G
               +--------+--------+--------+--------+--------+-----+--------+
         Total |  10701 |  10559 |    142 |   6857 |   2809 |   6 | 1783.5 |
       Dungeon |  10701 |  10559 |    142 |   6857 |   2809 |   6 | 1783.5 |
               +--------+--------+--------+--------+--------+-----+--------+

Top non-repeatable levels by time:
     D:1: 6592 daAuts
     D:2: 1826 daAuts
     D:3: 735 daAuts
     D:5: 734 daAuts
     D:4: 546 daAuts
     D:6: 266 daAuts
